 Dungeon Crawl Stone Soup version 0.29-a0-653-gd47aff6735 (webtiles) character file.

Game seed: 15045185330750969813

387 kae the Insei (level 7, -1/36 (57) HPs)
             Began as a Meteoran Transmuter on June 21, 2022.
             Slain by a gnoll
             ... wielding a +0 spear
              (3 damage)
             ... on level 4 of the Dungeon.
             The game lasted 00:03:47 (2009 turns).

kae the Insei (Meteoran Transmuter)                 Turns: 2009, Time: 00:03:48

HP:   -1/36 (57)    AC:  3    Str: 11    XL:     7   Next: 28%
MP:   14/14         EV: 13    Int: 14    God:
Gold: 176           SH:  0    Dex: 18    Spells: 4/14 levels left

rFire   . . .      SeeInvis +   n - +3 dagger of Beggugiu {venom, Fragile rPois rN+}
rCold   . . .      Faith    .   (no shield)
rNeg    + . .      Spirit   .   a - +0 robe
rPois   +          Reflect  .   (no helmet)
rElec   .          Harm     .   p - +0 cloak
rCorr   .          Rampage  .   (no gloves)
Will    .....                   (no boots)
Stlth   +.........              (no amulet)
HPRegen 0.12/turn               (no ring)
MPRegen 0.14/turn               (no ring)

@: glowing, very heavily drained
A: sense surroundings 1, otherworldly, glowing, explore regen, see invisible,
wild magic 1
a: no special abilities


You were on level 4 of the Dungeon.
You visited 1 branch of the dungeon, and saw 4 of its levels.

You collected 176 gold pieces.

Inventory:

Hand Weapons
 n - the +3 dagger of Beggugiu (weapon) {venom, Fragile rPois rN+}
   (You found it on level 3 of the Dungeon)

   It poisons the flesh of those it strikes.
   rPois:     It protects you from poison.
   rN:        It protects you from negative energy.
   Fragile:   It will be destroyed if unequipped.
Armour
 a - a +0 robe (worn)
 p - a +0 cloak (worn)
Jewellery
 i - an amulet of faith
 j - an amulet of guardian spirit
Scrolls
 d - a scroll of fog {unknown}
 e - 2 scrolls of teleportation {unknown}
 f - a scroll of poison {unknown}
 g - 5 scrolls of identify {unknown}
 h - a scroll of acquirement {unknown}
 k - a scroll of magic mapping {unknown}
 l - a scroll of silence {unknown}
 o - a scroll of amnesia {unknown}
Potions
 b - 2 potions of lignification
 c - a potion of might
 m - a potion of curing


   Skills:
 + Level 3.0 Fighting
 - Level 2.4 Dodging
 * Level 5.7 Unarmed Combat
 + Level 4.2 Spellcasting
 * Level 5.0 Transmutations
 * Level 1.3 Ice Magic


You had 4 spell levels left.
You knew the following spells:

 Your Spells              Type           Power      Damage    Failure   Level
a - Beastly Appendage     Tmut           44%        N/A       4%          1
b - Wereblood             Tmut           22%        N/A       6%          2
c - Spider Form           Tmut/Pois      13%        N/A       28%         3
d - Ice Form              Ice/Tmut       15%        N/A       54%         4

Your spell library contained the following spells:

 Spells                   Type           Power      Damage    Failure   Level
 Dazzling Flash           Conj/Hex       6%         N/A       58%         3
 Iskenderun's Mystic Bla  Conj/Tloc      3%         2d3       92%         4
 Starburst                Conj/Fire      1%         6d3       100%        6


Dungeon Overview and Level Annotations

Branches:
Dungeon (4/15) Zot: 621
 Temple: D:4-7

Altars:
Hepliaklqana


Innate Abilities, Weirdness & Mutations

You passively map a small area around you.
You are easily found by Zot.
You glow in the dark.
You regain HP and MP as you explore.
You have supernaturally acute eyesight. (SInv)
Your spells are a little harder to cast, but a little more powerful.


Message History

You hit the gnoll.
The gnoll looks as sick as possible!
The gnoll is heavily wounded.
The goblin hits you with a +0 dagger. The gnoll closely misses you.
The gnoll hits you from afar with a +0 spear.
You hit the gnoll but do no damage.
The gnoll looks as sick as possible!
The gnoll is severely wounded.
The goblin misses you. The gnoll misses you. x2
The gnoll hits you from afar with a +0 spear.
You hit the gnoll.
You kill the gnoll!
The goblin misses you. The gnoll misses you. x2
You barely miss the goblin. The goblin misses you.
The gnoll hits you from afar with a +0 spear.
The gnoll completely misses you.
You barely miss the goblin. The gnoll hits you but does no damage.
The goblin misses you. The gnoll barely misses you.
You bite the goblin!
You kill the goblin!
The gnoll hits you from afar with a +0 spear!
The gnoll misses you. The gnoll barely misses you.
The gnoll closely misses you.
Things that are here:
a +0 dagger; a goblin corpse You hit the gnoll.
The gnoll is poisoned.
The gnoll is moderately wounded.
The gnoll closely misses you. The gnoll hits you with a +0 spear!
Your transformation has ended.
The +3 dagger of Beggugiu {venom, Fragile rPois rN+} unmelds from your body.
Your +0 cloak unmelds from your body.
Your +0 robe unmelds from your body.
The +3 dagger of Beggugiu {venom, Fragile rPois rN+} begins to drip with poison!
The gnoll barely misses you. The gnoll closely misses you.
The gnoll hits you with a +0 spear.
* * * LOW HITPOINT WARNING * * *
The gnoll hits you with a +0 spear.
* * * LOW HITPOINT WARNING * * *
The gnoll hits you with a +0 spear.
* * * LOW HITPOINT WARNING * * *
You hit the gnoll but do no damage.
The gnoll is poisoned.
The gnoll hits you with a +0 spear.
You die...

≈....#.....# ,
≈....#.....# , .# ,
≈....#.....#, ,, .# *
§....#.....# ..#, ,
§....#.....#, ..#, ,
≈§####...###### ..# *
≈§.###...###..####..#
, ,
§........#..........#,
, ,
≈........#.....g@...#
,
≈§.....>.#...)..g...#,
.§.......#....).....#
,
≈........').........#
,
≈.####...#########.$#,
≈.####...### ### ,
≈....#.....#
≈....#.....# ,
.....#.....#


You could see 2 gnolls.

Vanquished Creatures
  Sigmund (D:3)
  2 orc priests (D:3)
  An orc wizard (D:3)
  5 gnolls
  3 adders
  A worm (D:2)
  3 orcs (D:3)
  4 bats
  9 endoplasms
  3 giant cockroaches
  5 goblins
  3 hobgoblins (D:3)
  2 jackals (D:3)
  2 quokkas
  5 ball pythons
  9 frilled lizards
  4 kobolds
  8 rats
70 creatures vanquished.

Notes
Turn   | Place    | Note
-------+----------+-------------------------------------------
     0 | D:1      | kae the Meteoran Transmuter began the quest for the Orb.
     0 | D:1      | Reached XP level 1. HP: 16/16 MP: 5/5
    54 | D:1      | Reached XP level 2. HP: 18/23 MP: 6/6
   306 | D:1      | Reached XP level 3. HP: 28/28 MP: 6/8
   503 | D:1      | Glimpsed the power of Zot.
   553 | D:1      | Glimpsed the power of Zot.
   617 | D:2      | Learned a level 2 spell: Wereblood
   621 | D:2      | Learned a level 3 spell: Spider Form
   748 | D:2      | Found a faded altar of an unknown god.
   803 | D:2      | Reached XP level 4. HP: 27/36 MP: 2/9
   842 | D:2      | Gained mutation: You have supernaturally acute eyesight.
                  | (SInv) [potion of mutation]
   842 | D:2      | Gained mutation: Your spells are a little harder to cast,
                  | but a little more powerful. [potion of mutation]
  1124 | D:2      | Reached XP level 5. HP: 32/41 MP: 9/11
  1125 | D:2      | Glimpsed the power of Zot.
  1175 | D:2      | Glimpsed the power of Zot.
  1215 | D:2      | Glimpsed the power of Zot.
  1240 | D:3      | Identified the +3 dagger of Beggugiu {venom, Fragile rPois
                  | rN+}
  1250 | D:3      | Noticed Sigmund
  1266 | D:3      | Killed Sigmund
  1267 | D:3      | Reached skill level 5 in Unarmed Combat
  1267 | D:3      | Reached XP level 6. HP: 24/50 MP: 6/13
  1412 | D:3      | Learned a level 4 spell: Ice Form
  1470 | D:3      | Reached XP level 7. HP: 23/56 MP: 12/14
  1472 | D:3      | Reached skill level 1 in Ice Magic
  1476 | D:3      | Reached skill level 5 in Transmutations
  1729 | D:3      | Glimpsed the power of Zot.
  1779 | D:3      | Glimpsed the power of Zot.
  1819 | D:3      | Glimpsed the power of Zot.
  1828 | D:3      | Glimpsed the power of Zot.
  1829 | D:3      | Touched by the power of Zot.
  1883 | D:4      | Found a hazy altar of Hepliaklqana.
  2009 | D:4      | Slain by a gnoll

Illustrated notes

Levels and vault maps discovered:
D:1:      dpeg_arrival_central, layout_basic, minmay_misc_feat_alley
D:2:      layout_basic, hellmonk_ecumenical_altar_crossroads,
          chequers_mini_garden
D:3:      layout_loops_ring, uniq_sigmund
D:4:      cheibrodos_quashed, layout_gridville,
          nicolae_hepliaklqana_hazy_memory, kennysheep_boxes

Skill      XL: |  1  2  3  4  5  6  7 |
---------------+----------------------+-----
Spellcasting   | 3 4 |  4.2
Unarmed Combat | 4 5 |  5.7
Transmutations | 3 4 5 |  5.0
Fighting       | 2 3 |  3.0
Ice Magic      | 1 |  1.3
Dodging        | |  2.4

Action                   |  1- 3 |  4- 6 |  7- 9 || total
-------------------------+-------+-------+-------++-------
Melee: Unarmed           |    60 |    48 |    16 ||   124
       Kick              |    15 |     3 |     5 ||    23
       Headbutt          |     9 |     6 |     1 ||    16
       Dagger            |       |    12 |    17 ||    29
 Cast: Beastly Appendage |    22 |    13 |     6 ||    41
       Spider Form       |     1 |     3 |     1 ||     5
       Wereblood         |     1 |       |       ||     1
  Use: Potion            |       |     4 |       ||     4
Armor: Robe              |    14 |     3 |     2 ||    19
       Skin              |       |     2 |     1 ||     3
Dodge: Dodged            |    32 |    45 |    32 ||   109

Table legend: (Time is in decaauts)
 A = Elapsed time spent in this place.
 B = Non-inter-level travel time spent in this place.
 C = Inter-level travel time spent in this place.
 D = Time resting spent in this place.
 E = Time spent auto-exploring this place.
 F = Levels seen in this place.
 G = Mean time per level.
                   A        B        C        D        E       F      G
               +--------+--------+--------+--------+--------+-----+--------+
         Total |   1977 |   1909 |     68 |     11 |   1312 |   4 |  494.2 |
       Dungeon |   1977 |   1909 |     68 |     11 |   1312 |   4 |  494.2 |
               +--------+--------+--------+--------+--------+-----+--------+

Top non-repeatable levels by time:
     D:2: 623 daAuts
     D:3: 608 daAuts
     D:1: 573 daAuts
     D:4: 173 daAuts
